 Dungeon Crawl Stone Soup version 0.26-a0-858-gbf766624f9 (webtiles) character file.

Game seed: 8302416535611110737

28 Sun the Ruffian (level 3, -2/28 HPs)
             Began as a Draconian Transmuter on Nov 24, 2020.
             Slain by Terence
             ... wielding a +0 hand axe of freezing
              (3 damage)
             ... on level 2 of the Dungeon.
             The game lasted 00:01:23 (1474 turns).

Sun the Ruffian (Draconian Transmuter)              Turns: 1474, Time: 00:01:23

Health: -2/28      AC:  5    Str: 12    XL:     3   Next: 0%
Magic:  5/6        EV: 12    Int: 14    God:
Gold:   62         SH:  0    Dex: 11    Spells: 5/6 levels left

rFire    . . .     SeeInvis .     - Unarmed
rCold    . . .     Faith    .   (no shield)
rNeg     . . .     Spirit   .   (armour unavailable)
rPois    .         Reflect  .   (helmet currently unavailable)
rElec    .         Harm     .   (no cloak)
rCorr    .         Rampage  .   (no gloves)
MR       .....                  (boots currently unavailable)
Stlth    +.........             (no amulet)
HPRegen  0.09/turn              (no ring)
MPRegen  0.10/turn              (no ring)

@: appendages (expiring), hasted, very quick
A: unfitting armour, horns 2, talons 2, cold-blooded, AC +5
a: End Transformation


You were on level 2 of the Dungeon.
You had grown temporary horns.
You had grown temporary talons.
You visited 1 branch of the dungeon, and saw 2 of its levels.

You collected 62 gold pieces.

Inventory:

Scrolls
 a - a scroll of fear {unknown}
 b - a scroll of noise {unknown}
 d - a scroll of teleportation {unknown}
 f - a scroll of identify {unknown}
Potions
 e - a potion of flight {unknown}


   Skills:
 - Level 1.1 Fighting
 - Level 1.7 Dodging
 * Level 3.9 Unarmed Combat
 - Level 2.0 Spellcasting
 + Level 2.5 Transmutations


You had 5 spell levels left.
You knew the following spells:

 Your Spells              Type           Power        Failure   Level
a - Beastly Appendage     Tmut           #.....       9%          1

Your spell library contained the following spells:

 Spells                   Type           Power        Failure   Level
 Wereblood                Tmut           #.......     13%         2
 Spider Form              Tmut/Pois      #.........   38%         3
 Ice Form                 Ice/Tmut       #.......     80%         4
 Blade Hands              Tmut           #.........   93%         5


Dungeon Overview and Level Annotations

Branches:
Dungeon (2/15)

Altars:

Annotations:
D:2 Terence


Innate Abilities, Weirdness & Mutations

Your plain brown scales are hard. (AC +5)
You cannot fit into any form of body armour.
You are cold-blooded and may be slowed by cold attacks.
You have a pair of horns on your head.
You have razor-sharp toenails.


Message History

Confirm with . or Enter, or press ? or * to list all spells.
You grow a pair of large bovine horns.
Your feet morph into talons.
Terence hits you with a +0 hand axe of freezing.
You feel yourself slow down. Terence freezes you.
You closely miss Terence. You tail-slap Terence.
Terence is moderately wounded.
Terence barely misses you.
You barely miss Terence.
Terence is moderately wounded.
You feel yourself speed up.
Terence hits you with a +0 hand axe of freezing.
You feel yourself slow down. Terence freezes you.
Terence hits you with a +0 hand axe of freezing.
* * * LOW HITPOINT WARNING * * *
Terence freezes you.
* * * LOW HITPOINT WARNING * * *
It was a potion of haste.
You feel yourself speed up.
Your transformation is almost over.
You feel yourself speed up.
Terence hits you with a +0 hand axe of freezing.
You die...

#......# #.#####
##.###### #.# #..#
#.# #.## #.# #.#
#.# #.# #.#####
#<# #####.....(
#.######..........
#@@.......†...###.
########.####.#
#.# ... ..) .###
..#(. .. .#. ..#
.. #.## #.. . ...


You could see Terence.

Vanquished Creatures
  2 dart slugs
  A goblin (D:1)
  8 hobgoblins
  5 kobolds (D:1)
  2 bats (D:1)
  A frilled lizard (D:1)
  4 rats (D:1)
23 creatures vanquished.

Notes
Turn   | Place    | Note
-------+----------+-------------------------------------------
     0 | D:1      | Sun the Draconian Transmuter began the quest for the Orb.
     0 | D:1      | Reached XP level 1. HP: 16/16 MP: 3/3
   450 | D:1      | Reached XP level 2. HP: 23/23 MP: 5/5
  1403 | D:2      | Reached XP level 3. HP: 28/28 MP: 6/6
  1404 | D:2      | Noticed Terence
  1473 | D:2      | HP: 1/28 [Terence/+0 hand axe of freezing (2)]
  1474 | D:2      | Slain by Terence

Illustrated notes

Levels and vault maps discovered:
D:1:      lemuel_arrival_cross, layout_loops_corners
D:2:      layout_loops_ring, general_overflow_altar, tgw_fedhas, uniq_terence

Action                   || total
-------------------------++-------
Melee: Unarmed           ||    95
       Tailslap          ||     7
       Kick              ||     2
       Headbutt          ||     1
       Punch             ||     1
 Cast: Beastly Appendage ||     4
  Use: Potion            ||     1
Armor: Skin              ||    31
Dodge: Dodged            ||    71

Table legend: (Time is in decaauts)
 A = Elapsed time spent in this place.
 B = Non-inter-level travel time spent in this place.
 C = Inter-level travel time spent in this place.
 D = Time resting spent in this place.
 E = Time spent auto-exploring this place.
 F = Levels seen in this place.
 G = Mean time per level.
                   A        B        C        D        E       F      G
               +--------+--------+--------+--------+--------+-----+--------+
         Total |   1470 |   1464 |      6 |      0 |   1215 |   2 |  735.0 |
       Dungeon |   1470 |   1464 |      6 |      0 |   1215 |   2 |  735.0 |
               +--------+--------+--------+--------+--------+-----+--------+

Top non-repeatable levels by time:
     D:1: 1371 daAuts
     D:2: 98 daAuts
